 Dungeon Crawl Stone Soup version 0.23.0 (webtiles) character file.

Game seed: 5546234686068135182

54 Monsterracer the Grasshopper (level 3, -3/16 HPs)
             Began as a Felid Warper on Feb 18, 2019.
             Killed from afar by a white imp (11 damage)
             ... with a puff of frost
             ... summoned by Natasha
             ... on level 1 of the Dungeon.
             The game lasted 00:02:06 (2210 turns).

Monsterracer the Grasshopper (Felid Warper)         Turns: 2210, Time: 00:02:06

Health: -3/16      AC:  1    Str:  7    XL:     3   Next: 66%
Magic:  7/7        EV: 21    Int: 15    God:
Gold:   53         SH:  0    Dex: 15    Spells: 4/6 levels left
                                        Lives:  0   Deaths: 0

rFire    . . .     SeeInvis +     - Unarmed
rCold    . . .     Gourm    .   (shield unavailable)
rNeg     . . .     Faith    .   (armour unavailable)
rPois    .         Spirit   .   (helmet unavailable)
rElec    .         Reflect  .   (cloak unavailable)
rCorr    .         Harm     .   (gloves unavailable)
MR       .....                  (boots unavailable)
Stlth    ++........             (no amulet)
HPRegen  0.05/turn              d - +3 ring of evasion
MPRegen  0.10/turn              (no ring)

@: quick
A: very small, no armour, no weapons or thrown items, stealth, claws 1, fangs 3,
see invisible, carnivore, speed 1, shaggy fur 1, slow metabolism 1, sharp paws
a: no special abilities


You were on level 1 of the Dungeon.
You were very full.

You visited 1 branch of the dungeon, and saw 2 of its levels.

You collected 53 gold pieces.

Inventory:

Jewellery
 d - a +3 ring of evasion (left paw)
 l - an uncursed ring of ice
Scrolls
 e - a scroll of fear {unknown}
 h - a scroll of teleportation {unknown}
 i - a scroll of remove curse {unknown}
 j - a scroll of magic mapping {unknown}
 X - 2 scrolls of blinking
Potions
 a - a potion of lignification {unknown}
 b - a potion of haste {unknown}
 f - 2 potions of curing {unknown}
 g - 2 potions of agility {unknown}
 k - a potion of heal wounds {unknown}
Comestibles
 c - 3 rations


   Skills:
 + Level 2.4 Fighting
 - Level 3.2 Dodging
 * Level 3.8 Unarmed Combat
 - Level 2.0 Spellcasting
 - Level 4.4 Translocations


You had 4 spell levels left.
You knew the following spells:

 Your Spells              Type           Power        Failure   Level  Hunger
e - Blink                 Tloc           N/A          5%          2    ###....

Your spell library contained the following spells:

 Spells                   Type           Power        Failure   Level  Hunger
 Gell's Gravitas          Tloc           ##........   11%         3    ###....
 Lesser Beckoning         Tloc           ##........   11%         3    ###....
 Teleport Other           Tloc           ##......     11%         3    ###....
 Shroud of Golubria       Chrm/Tloc      #.........   14%         2    ###....
 Passage of Golubria      Tloc           N/A          36%         4    #####..


Dungeon Overview and Level Annotations

Branches:
Dungeon (2/15)

Altars:

Annotations:
D:1 Natasha


Innate Abilities, Weirdness & Mutations

You cannot wear armour.
You are incapable of wielding weapons or throwing items.
Your paws allow you to move quietly. (Stealth)
You have sharp claws.
You have razor-sharp teeth.
You have supernaturally acute eyesight. (SInv)
You are carnivorous and can eat meat at any time.
You cover ground quickly.
You are covered in fur. (AC +1)
You have a slow metabolism.
Your sharp claws are effective at attacking unaware monsters.


Message History

Natasha is moderately wounded.
Natasha stares at you and mumbles some strange words.
You resist with some effort.
You scratch Natasha.
Natasha is heavily wounded.
Natasha completely misses you.
You claw Natasha!
You kill Natasha!
Natasha screams in pain as she dies!
You start resting.
You hear a zap.
You hear a grinding noise.
HP restored.
Health restored: 16 Level map cleared.
You see here a leather armour.
Things that are here:
a +0 club; a hobgoblin skeleton You see here a dagger.
You see here a hand axe.
You see here 18 stones.
Key pressed, stopping explore.
Natasha, Servant of Life and Death comes into view.
She is carrying a wand of digging (4).
Natasha is nearby!
Natasha is nearby!
Natasha is nearby!
Natasha hisses angrily.
Natasha mumbles some strange words.
Natasha mumbles some strange words.
Natasha zaps a wand.
Some rock shatters into small pieces.
The shadow imp gestures at you. Pain shoots through your body!
You take 5 damage, and have 11/16 hp.
MASSIVE DAMAGE!!
Natasha casts a spell.
The shadow imp shouts, "Slither away, thou worthless roguish prigger-of-prances!"
Natasha zaps a wand.
Some rock shatters into small pieces.
There is a stone staircase leading down here.
You climb downwards.
There is a stone staircase leading up here.
You start resting.
HP restored.
Health restored: 16
Things that are here:
a +0 club; a goblin skeleton A hobgoblin comes into view.
It is wielding a +0 club.
The hobgoblin shouts!
A hobgoblin is nearby!
You scratch the hobgoblin but do no damage.
The hobgoblin misses you.
You scratch the hobgoblin but do no damage.
The hobgoblin barely misses you.
You barely miss the hobgoblin. The hobgoblin misses you.
You barely miss the hobgoblin. You scratch the hobgoblin.
You kill the hobgoblin!
No target in view!
No target in view!
No target in view!
f - 2 golden potions (gained 1)
l - an agate ring
Found a stone staircase leading down.
Put on which piece of jewellery? (? for menu, Esc to quit)
You feel more attuned to ice.
l - a ring of ice (right paw)
You see here a +0 club.
There is a stone staircase leading up here.
Remove which piece of jewellery? (? for menu, Esc to quit)
You remove your ring of ice.
You climb upwards.
Level annotation: Natasha You hear a zap.
You hear a grinding noise.
There is a stone staircase leading down here.
You see here a cursed -2 dagger.
You see here 25 stones.
There is an escape hatch in the floor here.
You see here a club.
Key pressed, stopping explore.
You see here a +0 dagger.
You see here a +0 club.
Natasha is too close now for your liking.
Natasha is nearby!
Natasha hisses angrily.
You barely miss Natasha.
Natasha mumbles some strange words.
You scratch Natasha.
Natasha is moderately wounded.
Natasha claws you.
You take 1 damage, and have 15/16 hp.
You scratch Natasha.
Natasha is moderately wounded.
The white imp gestures at you. The puff of frost hits you!
* * * LOW HITPOINT WARNING * * *
You take 7 damage, and have 8/16 hp.
MASSIVE DAMAGE!!
You scratch Natasha.
Natasha is severely wounded.
Natasha closely misses you. The white imp gestures at you.
The puff of frost hits you!
Ouch! That really hurt!
You die...

# ##.##.#####............##..#
###.##*.#***##...........##..#
.#.## *,.,,,,............##..#
..## **##***#...........##..# ###
####.#.##..........# #
#.............####.# #
#..#......########.####
########**#.....h................
........,,,,,,#.@....#######.####
########***,,*#.5..).........# #
*,,*##.....######### # *,,*
#..#.## # **#..#####.## #
*,.........# ########*,########.#
........,,########.#
########**#........#


You could see Natasha and a white imp.

Vanquished Creatures
  Natasha (D:1)
  A bat (D:1)
  A giant cockroach (D:1)
  4 goblins
  6 hobgoblins
  2 jackals (D:1)
  A ball python (D:1)
  3 frilled lizards (D:1)
  5 kobolds (D:1)
  3 rats (D:1)
27 creatures vanquished.

Notes
Turn   | Place    | Note
-------+----------+-------------------------------------------
     0 | D:1      | Monsterracer the Felid Warper began the quest for the Orb.
     0 | D:1      | Reached XP level 1. HP: 9/9 MP: 4/4
    76 | D:1      | HP: 2/9 [hobgoblin (3)]
   420 | D:1      | Reached XP level 2. HP: 9/13 MP: 6/6
  1481 | D:2      | Reached XP level 3. HP: 16/16 MP: 7/7
  1485 | D:2      | Learned a level 2 spell: Blink
  1514 | D:2      | Noticed Natasha
  1530 | D:2      | HP: 7/16 [Natasha/magic dart (9)]
  1538 | D:1      | Killed Natasha
  1803 | D:1      | Noticed Natasha
  2209 | D:1      | HP: 8/16 [white imp/puff of frost[Natasha] (7)]
  2210 | D:1      | Killed from afar by a white imp

Skill      XL: |  1  2 |
---------------+-------+-----
Unarmed Combat | 3 |  3.8
Fighting       | |  2.4
Dodging        | |  3.2
Spellcasting   | |  2.0
Translocations | |  4.4

Action                   || total
-------------------------++-------
Melee: Unarmed           ||   108
       Bite              ||     8
 Stab: Sleeping          ||     2
  Eat: Chunk             ||     8
Armor: Skin              ||     3
Dodge: Dodged            ||    78

Levels and vault maps discovered:
D:1:      lemuel_arrival_room, layout_loops_ring, chequers_mini_garden
D:2:      layout_basic, yredelemnul_forgotten_temple_becter, uniq_natasha
